 Dungeon Crawl Stone Soup version 0.29-a0-222-g5b244fca1f (webtiles) character file.

Game seed: 17485967865208047523

2854 Hasart the Bolt Thrower (level 9, -7/75 HPs)
             Began as a Demigod Hunter on Feb 27, 2022.
             Mangled by an orc knight
             ... wielding a +0 glaive
              (17 damage)
             ... in a bailey.
             The game lasted 00:21:09 (10248 turns).

Hasart the Bolt Thrower (Demigod Hunter)           Turns: 10248, Time: 00:21:10

Health: -7/75      AC:  5    Str: 13    XL:     9   Next: 23%
Magic:  11/11      EV: 17    Int: 22    God:
Gold:   359        SH:  0    Dex: 26    Spells: 8/8 levels left

rFire   + . .      SeeInvis .   u - +2 arbalest
rCold   + . .      Faith    .   (shield currently unavailable)
rNeg    . . .      Spirit   .   s - +1 leather armour {rC+}
rPois   .          Reflect  .   (no helmet)
rElec   +          Harm     .   h - +0 cloak of the Mantidfly {rElec Int+9}
rCorr   .          Rampage  .   (no gloves)
Will    .....                   (no boots)
Stlth   ++........              (no amulet)
HPRegen 0.22/turn               t - ring of protection from fire
MPRegen 0.12/turn               (no ring)

@: mighty, very slow
A: high MP 1, forlorn, divine attributes
a: no special abilities


You were in a bailey.
You visited 1 branch of the dungeon, and saw 8 of its levels.
You also visited: Sewer and Bailey.

You collected 359 gold pieces.

Inventory:

Hand Weapons
 a - a +1 hand crossbow
 u - a +2 arbalest (weapon)
Missiles
 b - 2 throwing nets
Armour
 h - the +0 cloak of the Mantidfly (worn) {rElec Int+9}
   (You acquired it on level 7 of the Dungeon)

   Int:       It affects your intelligence (+9).
   rElec:     It insulates you from electricity.
 s - a +1 leather armour of cold resistance (worn)
 w - a +2 robe of willpower
Jewellery
 t - a ring of protection from fire (left hand)
 v - a ring of magical power
Wands
 z - a wand of charming (3)
Scrolls
 d - 3 scrolls of teleportation
 f - a scroll of torment
 l - 2 scrolls of fog
 q - a scroll of holy word
Potions
 e - 3 potions of might
 g - 10 potions of curing
 i - a potion of lignification {unknown}
 j - 4 potions of mutation
 k - 4 potions of heal wounds
 m - a potion of attraction {unknown}
 n - 3 potions of haste {unknown}
 o - 3 potions of brilliance
 p - 2 potions of magic {unknown}
 r - a potion of invisibility {unknown}
 x - a potion of flight {unknown}


   Skills:
 + Level 6.2 Fighting
 + Level 7.0 Crossbows
 + Level 6.2 Dodging
 + Level 6.6 Stealth


You had 8 spell levels left.
You didn't know any spells.
Your spell library contained the following spells:

 Spells                   Type           Power      Damage    Failure   Level
 Corpse Rot               Necr/Air       0%         N/A       32%         2
 Conjure Flame            Conj/Fire      0%         6-21      54%         3
 Ignite Poison            Fire/Tmut/Pois 0%         N/A       54%         3
 Dispel Undead            Necr           0%         3d6       91%         4
 Passage of Golubria      Tloc           0%         N/A       91%         4
 Sticky Flame             Conj/Fire      0%         2d3       91%         4
 Silence                  Hex/Air        0%         N/A       99%         5
 Death Channel            Necr           0%         N/A       100%        6
 Lehudib's Crystal Spear  Conj/Erth      0%         10d2      100%        8


Dungeon Overview and Level Annotations

Branches:
Dungeon (8/15)             Temple (0/1) D:6           Sewer (visited)
 Bailey (1/1)
   Lair: D:8-11

Shops:
D:1 *

Annotations:
D:8 3 runed translucent doors


Innate Abilities, Weirdness & Mutations

You have an increased reservoir of magic. (+10% MP)
You shall have no god before yourself.
Your divine heritage dramatically boosts your attributes as you level up.


Message History

Press: ? - help, Q - select action, (/) - cycle Shift-Dir - straight line, f/p - orc knight
Aim: an orc knight, wielding a +0 glaive and wearing a +0 plate armour (lightly wounded, 71% to hit)
You shoot a bolt. The bolt hits the orc knight!!
The orc knight is heavily wounded.
Unknown command.
Shoot: u) +2 arbalest
Press: ? - help, Q - select action, (/) - cycle Shift-Dir - straight line, f/p - orc knight
Aim: an orc knight, wielding a +0 glaive and wearing a +0 plate armour (heavily wounded, 71% to hit)
You shoot a bolt. The bolt barely misses the orc knight.
Unknown command.
Shoot: u) +2 arbalest
Press: ? - help, Q - select action, (/) - cycle Shift-Dir - straight line, f/p - orc knight
Aim: an orc knight, wielding a +0 glaive and wearing a +0 plate armour (heavily wounded, 71% to hit)
You shoot a bolt. The bolt hits the orc knight!
The orc knight is heavily wounded.
The orc knight hits you from afar with a +0 glaive!
Shoot: u) +2 arbalest
Press: ? - help, Q - select action, (/) - cycle Shift-Dir - straight line, f/p - orc knight
Aim: an orc knight, wielding a +0 glaive and wearing a +0 plate armour (heavily wounded, 71% to hit)
You shoot a bolt. The bolt hits the orc knight!
The orc knight is severely wounded.
The orc knight hits you from afar with a +0 glaive!!
The orc knight hits you from afar with a +0 glaive!
* * * LOW HITPOINT WARNING * * *
Shoot: u) +2 arbalest
Press: ? - help, Q - select action, (/) - cycle Shift-Dir - straight line, f/p - orc knight
Aim: an orc knight, wielding a +0 glaive and wearing a +0 plate armour (severely wounded, 71% to hit)
You shoot a bolt.
The bolt hits the orc knight but does no damage.
The orc knight is severely wounded.
The orc knight hits you from afar with a +0 glaive!
* * * LOW HITPOINT WARNING * * *
Unknown command.
Shoot: u) +2 arbalest
Press: ? - help, Q - select action, (/) - cycle Shift-Dir - straight line, f/p - orc knight
Aim: an orc knight, wielding a +0 glaive and wearing a +0 plate armour (severely wounded, 71% to hit)
You shoot a bolt. The bolt hits the orc knight!
The orc knight is almost dead.
The orc knight hits you from afar with a +0 glaive!
You die...

#.....≈≈≈≈≈≈≈≈≈##≈≈≈)≈≈≈##≈≈≈≈≈≈
#.....≈≈≈≈≈≈≈≈##≈≈#'#'#≈≈##≈≈≈≈≈
#.....≈≈≈≈≈≈≈≈#≈≈##.#.##≈≈#≈≈≈≈≈
#.....≈≈≈≈≈≈≈##≈#########≈##≈≈≈≈
#.....≈≈≈≈≈≈≈##≈')#).?#)'≈##≈≈≈≈
#.....≈≈≈≈≈≈≈##≈###._.###≈##≈≈≈≈
#.....≈≈≈≈≈≈≈##≈'.#...#.'≈##≈≈≈≈
#.....≈≈≈≈≈≈≈##≈####'####≈##≈≈≈≈
#.....≈≈≈≈≈≈≈≈#@≈##∩o∩##≈≈##≈≈≈≈
#.....≈≈≈≈≈≈≈≈##≈o#'''##≈≈≈≈≈≈≈≈
#.....≈≈≈≈≈≈≈≈≈##≈≈≈≈≈##≈≈≈≈≈≈≈≈
#.....≈≈≈≈≈≈≈≈≈≈##≈≈≈≈##≈≈≈≈≈≈≈≈
#.....≈≈#.##≈≈≈≈≈#######≈≈≈≈≈##.
#.....≈##.∩#≈≈≈≈≈≈≈≈≈≈≈≈≈≈≈≈≈#∩.
#.....≈#....)≈≈≈≈≈≈≈≈≈≈≈≈≈≈≈))..
#.....≈##.##≈)≈≈≈≈≈≈≈≈≈≈≈≈≈≈≈##.
#.....≈≈###≈≈≈≈≈≈≈≈≈≈≈≈≈≈≈≈≈≈≈##


You could see an orc knight.

Vanquished Creatures
  A steam dragon (D:7)
  8 orc warriors (Bailey)
  An ice beast (D:6)
  2 black bears
  An ogre (D:4)
  A necrophage (D:7)
  A phantom (D:5)
  2 bullfrogs
  A gnoll sergeant (D:7)
  3 scorpions
  5 wights (D:6)
  2 hounds (D:5)
  7 jellies
  2 iguanas (D:5)
  A gnoll shaman (D:7)
  6 orc wizards
  9 adders
  10 gnolls
  2 river rats (Sewer)
  A white imp (D:5)
  An ufetubus (D:5)
  5 worms
  5 dart slugs
  31 orcs
  14 ball pythons
  10 bats
  14 endoplasms
  8 giant cockroaches
  12 goblins
  7 hobgoblins
  5 kobolds
  4 quokkas
  6 frilled lizards
  16 rats
204 creatures vanquished.

Vanquished Creatures (others)
  A plant (D:7)
1 creature vanquished.

Grand Total: 205 creatures vanquished

Notes
Turn   | Place    | Note
-------+----------+-------------------------------------------
     0 | D:1      | Hasart the Demigod Hunter began the quest for the Orb.
     0 | D:1      | Reached XP level 1. HP: 17/17 MP: 3/3
    47 | D:1      | Reached skill level 1 in Stealth
   118 | D:1      | Found Zyzul's General Store.
   231 | D:1      | Reached XP level 2. HP: 21/24 MP: 4/4
   520 | D:1      | Reached XP level 3. HP: 29/29 MP: 5/5
   925 | D:2      | Reached skill level 4 in Crossbows
  1180 | D:2      | Reached XP level 4. HP: 37/37 MP: 6/6
  1655 | D:3      | Found a glowing drain.
  1744 | Sewer    | Entered a sewer
  2310 | Sewer    | Reached XP level 5. HP: 45/45 MP: 7/7
  3589 | D:4      | Reached XP level 6. HP: 40/51 MP: 8/8
  3670 | D:4      | Identified the +1 leather armour "Bosuerch" {-Tele Int+4
                  | Dex+4}
  4042 | D:4      | Reached skill level 5 in Crossbows
  4314 | D:4      | Reached XP level 7. HP: 40/59 MP: 9/9
  5093 | D:5      | Entered Level 5 of the Dungeon
  5397 | D:5      | You fall into a shaft and drop 2 floors!
  5865 | D:6      | Reached XP level 8. HP: 67/67 MP: 10/10
  6029 | D:6      | Found a staircase to the Ecumenical Temple.
  6093 | D:6      | Reached skill level 5 in Stealth
  6208 | D:5      | Reached skill level 5 in Fighting
  6208 | D:5      | Reached skill level 6 in Crossbows
  6208 | D:5      | Reached skill level 5 in Dodging
  6224 | D:5      | Identified the +0 robe of Agnosticism {+Blink MP+9 Str+3}
  7631 | D:7      | Identified a scroll of acquirement
  7631 | D:7      | Acquired the +0 cloak of the Mantidfly {rElec Int+9}
  8201 | D:8      | Found a runed translucent gate.
  8202 | D:8      | Found a runed translucent gate.
  8203 | D:8      | Found a runed translucent gate.
  8227 | D:8      | Found a flagged portal.
  8241 | Bailey   | Entered a bailey
  8486 | Bailey   | Reached XP level 9. HP: 58/75 MP: 11/11
  9138 | Bailey   | Noticed an orc knight
  9138 | Bailey   | Noticed an orc knight
  9786 | Bailey   | Reached skill level 7 in Crossbows
 10248 | Bailey   | Mangled by an orc knight

Illustrated notes

Levels and vault maps discovered:
D:1:      wheals_arrival_shading, layout_basic,
          hellmonk_ecumenical_altar_pennies_from_heaven, serial_shops,
          nicolae_diamond_shop
D:2:      layout_basic, chequers_serial_rivers_large_a
D:3:      layout_basic, portal_sewer_entry_a, minmay_door_square
D:4:      layout_basic, minmay_misc_feat_columns, minmay_unequal
D:5:      layout_loops_corners, minivault_24
D:6:      layout_basic, minmay_temple_entry_statues_fountains,
          grunt_ministairs_8
D:7:      layout_rooms, good_gods_temple_1, nemelex_diamond_rough_becter
D:8:      layout_loops_ring, xom_shifter_show, ebering_ghost_rock_garden,
          enter_bailey_4, uniq_psyche
Bailey:   bailey_polearm_2, bailey

Skill      XL: |  1  2  3  4  5  6  7  8  9 |
---------------+----------------------------+-----
Stealth        | 1 2 3 4 6 |  6.6
Dodging        | 2 3 4 5 6 |  6.2
Fighting       | 2 3 4 5 6 |  6.2
Crossbows      | 4 5 6 7 |  7.0

Action                   |  1- 3 |  4- 6 |  7- 9 || total
-------------------------+-------+-------+-------++-------
 Fire: Hand crossbow     |   112 |   263 |    69 ||   444
       Arbalest          |       |       |   192 ||   192
  Use: Scroll            |       |       |    19 ||    19
       Potion            |       |       |     1 ||     1
Armor: Leather armour    |     5 |    27 |    25 ||    57
Dodge: Dodged            |    24 |    75 |   111 ||   210

Table legend: (Time is in decaauts)
 A = Elapsed time spent in this place.
 B = Non-inter-level travel time spent in this place.
 C = Inter-level travel time spent in this place.
 D = Time resting spent in this place.
 E = Time spent auto-exploring this place.
 F = Levels seen in this place.
 G = Mean time per level.
                   A        B        C        D        E       F      G
               +--------+--------+--------+--------+--------+-----+--------+
         Total |  10653 |  10402 |    251 |   1682 |   6223 |  10 | 1065.3 |
       Dungeon |   7559 |   7308 |    251 |    698 |   5392 |   8 |  944.9 |
         Sewer |    936 |    936 |      0 |      0 |    757 |   1 |  936.0 |
        Bailey |   2157 |   2157 |      0 |    984 |     73 |   1 | 2157.0 |
               +--------+--------+--------+--------+--------+-----+--------+

Top non-repeatable levels by time:
  Bailey: 2157 daAuts
     D:4: 1750 daAuts
     D:6: 1205 daAuts
     D:5: 1140 daAuts
     D:3: 938 daAuts
   Sewer: 936 daAuts
     D:1: 831 daAuts
     D:2: 813 daAuts
     D:7: 782 daAuts
     D:8: 98 daAuts
